 Dungeon Crawl Stone Soup version 0.19.5 (webtiles) character file.

77 Retsved the Conjurer (level 3, -11/28 HPs)
             Began as a Demigod Conjurer on Mar 15, 2017.
             Shot with an arrow by a centaur (12 damage)
             ... on level 3 of the Dungeon.
             The game lasted 00:12:17 (2446 turns).

Retsved the Conjurer (Demigod Conjurer)             Turns: 2446, Time: 00:12:18

Health: -11/28     AC:  2    Str: 11    XL:     3   Next: 91%
Magic:  9/9        EV: 13    Int: 21    God:
Gold:   118        SH:  0    Dex: 16    Spells: 1 memorised, 5 levels left

rFire  + . .     SeeInvis .     k - +0 dagger
rCold  . . .     Gourm    .     a - +0 robe
rNeg   . . .     Faith    .     (no shield)
rPois  .         Spirit   .     (no helmet)
rElec  .         Reflect  .     (no cloak)
rCorr  .         Harm     .     (no gloves)
MR     .....                    (no boots)
Stlth  ++........               (no amulet)
                                (no ring)
                                l - ring of protection from fire

@: no status effects
A: high mp 1
a: no special abilities


You were on level 3 of the Dungeon.
You were hungry.

You visited 1 branch of the dungeon, and saw 3 of its levels.

You collected 118 gold pieces.

Inventory:

Hand Weapons
 k - a +0 dagger (weapon)
Armour
 a - a +0 robe (worn)
Jewellery
 l - a ring of protection from fire (left hand)
Scrolls
 d - a scroll of amnesia {unknown}
 e - 4 scrolls of identify {unknown}
 f - 4 scrolls of remove curse {unknown}
 g - 2 scrolls of teleportation {unknown}
 m - a scroll of random uselessness {unknown}
 p - a scroll of magic mapping {unknown}
 q - a scroll of noise {unknown}
Potions
 h - a potion of mutation {unknown}
 o - a potion of cure mutation {unknown}
Books
 b - a book of Conjurations

   Spells                             Type                      Level
   a - Magic Dart                     Conjuration                  1
   b - Searing Ray                    Conjuration                  2
   c - Dazzling Spray                 Conjuration/Hexes            3
   d - Fulminant Prism                Conjuration/Hexes            4
   e - Iskenderun's Mystic Blast      Conjuration                  4
   f - Iskenderun's Battlesphere      Conjuration/Charms           5
Comestibles
 c - 4 bread rations
 i - a meat ration
 n - a beef jerky


   Skills:
 + Level 1.0 Fighting
 + Level 2.2 Dodging
 - Level 1.8 Stealth
 * Level 2.3 Spellcasting
 * Level 4.3 Conjurations


You had 5 spell levels left.
You knew the following spells:

 Your Spells              Type           Power        Failure   Level  Hunger
a - Magic Dart            Conj           ###.         2%          1    #......


Dungeon Overview and Level Annotations

Branches:
Dungeon (3/15)


Innate Abilities, Weirdness & Mutations

You have an increased reservoir of magic. (+10% MP)


Message History

The centaur shoots an arrow.
The arrow barely misses you.
You see here an arrow.
You see here 4 tomahawks.
There is a stone staircase leading up, spattered with blood here.
You climb upwards.
There is a stone staircase leading down here.
You start resting.
Magic restored.
You start resting.
Some of the chunks of flesh in your inventory have rotted away.
All of the chunks of flesh in your inventory have rotted away.
You are feeling hungry.
You climb downwards.
The rat bites you.
The centaur shoots an arrow.
The arrow hits you!
Ouch! That really hurt!
* * * LOW HITPOINT WARNING * * *
The rat barely misses you.
There is a stone staircase leading up, spattered with blood here.
The centaur shoots an arrow.
The arrow hits you!
You die...

#..# #####.##########...#
#..# #........rc((((>...#
#..######.###.#########.####
#.........###(#.........#
#.#####....).....# ..
..........###.#..# .##
########.## #c#..######.#
########.# #.........#.#
.........# ###.@####.#.#
########## #(r.# #)#.# #.#.#
#.... ###.#. ..... #.# ..
#.# ...


You could see a centaur and a rat.

Vanquished Creatures
  2 adders
  A worm (D:3)
  3 dart slugs
  3 leopard geckos
  5 orcs
  5 bats
  2 giant cockroaches
  5 goblins
  2 hobgoblins (D:2)
  2 jackals (D:1)
  A quokka (D:2)
  5 frilled lizards
  3 kobolds
  4 rats
43 creatures vanquished.

Notes
Turn   | Place    | Note
-------+----------+-------------------------------------------
     0 | D:1      | Retsved the Demigod Conjurer began the quest for the Orb.
     0 | D:1      | Reached XP level 1. HP: 14/14 MP: 5/5
   301 | D:1      | Reached skill level 4 in Conjurations
   301 | D:1      | Reached XP level 2. HP: 4/20 MP: 0/7
  1078 | D:2      | Reached XP level 3. HP: 26/26 MP: 2/8
  2074 | D:3      | Reached skill level 1 in Fighting
  2272 | D:3      | Noticed a centaur
  2445 | D:3      | HP: 1/28 [centaur/arrow (15)]
  2446 | D:3      | Shot with an arrow by a centaur

Skill      XL: |  1  2  3 |
---------------+----------+-----
Conjurations   | 4 |  4.3
Dodging        | 2 |  2.2
Spellcasting   | 2 |  2.3
Fighting       | 1 |  1.0
Stealth        | |  1.8

Action                   || total
-------------------------++-------
Melee: Unarmed           ||     3
 Cast: Magic Dart        ||   108
  Eat: Chunk             ||     5
Armor: Robe              ||     1
Dodge: Dodged            ||    24
